AoeStats
← Enver Pasha

Arena

509474572Analyzed
4v4 RM · 7d ago on Sep 26, 2026· 54m 21s· 8 players
Game mode
Random Map
Map size
Large (8 player)
Population
200
Speed
Normal
Resources
Standard
Victory
Conquest
Starting age
Dark Age
Ending age
Imperial Age
RankedLock teamsTeams togetherTeam positionsShared explorationLock speedFull tech treeHidden civsTurbo modeCheats
Victory
Defeat
🇨🇦 Malians · Canada
1194
+14
🇦🇷 Aztecs · Argentina
1183
+15
🇩🇪 Portuguese · Germany
1170
+15
🇨🇱 Mongols · Chile
1159
+16
🇸🇰 Britons · Slovakia
1182
-16
🇧🇪 Portuguese · Belgium
1177
-16
🇹🇷 Koreans · Türkiye
1137
-14
🇹🇷 Byzantines · Türkiye
1134
-14
Grand.Saladier
9:35 Feudal Age
13:43 Castle Age
12:43 Double-Bit Axe
14:50 Bow Saw
14:33 Horse Collar
18:23 Pikeman
23:37 Wheelbarrow
23:35 Gold Mining
24:23 Forging
28:50 Imperial Age
25:58 Man-at-Arms
27:42 Iron Casting
27:21 Scale Mail Armor
27:06 Long Swordsman
27:47 Squires
28:47 Hand Cart
28:17 Loom
28:59 Two-Handed Swordsman
30:18 Chain Mail Armor
30:33 Arson
31:22 Town Watch
32:46 Plate Mail Armor
36:25 Champion
40:27 Conscription
46:57 Ballistics
50:10 Capped Ram
SnakeZ
9:09 Feudal Age
9:40 Double-Bit Axe
16:57 Castle Age
15:29 Horse Collar
18:27 Loom
21:49 Heavy Plow
22:01 Bow Saw
21:45 Gold Mining
22:38 Wheelbarrow
29:13 Imperial Age
27:03 Fletching
28:01 Stone Mining
28:23 Husbandry
28:35 Bloodlines
28:42 Stone Mining
29:09 Bodkin Arrow
31:07 Hand Cart
33:30 Ballistics
34:10 Chemistry
34:40 Scale Barding Armor
34:36 Bracer
34:36 Padded Archer Armor
37:07 Gold Shaft Mining
37:29 Elite Mangudai
38:49 Chain Barding Armor
38:44 Leather Archer Armor
40:21 Siege Engineers
45:21 Pikeman
51:22 Scale Mail Armor
51:32 Forging
51:26 Squires
53:59 Chain Mail Armor
54:19 Iron Casting
ugurito
11:15 Feudal Age
15:40 Castle Age
13:48 Double-Bit Axe
13:48 Horse Collar
15:07 Loom
15:08 Town Watch
17:18 Bow Saw
27:25 Imperial Age
25:46 Gold Mining
25:58 Fletching
29:19 Chemistry
28:42 Bodkin Arrow
29:17 Conscription
31:13 Two-Man Saw
39:04 Wheelbarrow
38:42 Bracer
38:50 Scale Barding Armor
39:09 Elite Skirmisher
39:14 Light Cavalry
40:05 Bloodlines
39:56 Husbandry
41:53 Chain Barding Armor
41:53 Hand Cart
42:18 Heavy Plow
42:28 Padded Archer Armor
44:51 Ballistics
44:49 Leather Archer Armor
45:50 Thumb Ring
47:09 Ring Archer Armor
50:58 Bombard Tower
Kasike
2:21 Loom
9:14 Feudal Age
10:32 Wheelbarrow
10:19 Fletching
25:55 Castle Age
25:24 Double-Bit Axe
25:20 Horse Collar
26:25 Town Watch
26:52 Bow Saw
26:43 Heavy Plow
33:45 Padded Archer Armor
33:12 Elite Skirmisher
34:23 Bodkin Arrow
35:07 Atlatl
36:05 Leather Archer Armor
37:00 Ballistics
40:30 Imperial Age
38:56 Hand Cart
39:30 Scale Mail Armor
41:21 Chain Mail Armor
42:13 Chemistry
41:34 Conscription
41:17 Bracer
41:25 Bracer
41:44 Forging
42:17 Squires
43:01 Plate Mail Armor
41:56 Man-at-Arms
42:52 Gambesons
42:53 Arson
43:46 Iron Casting
43:15 Long Swordsman
43:55 Two-Handed Swordsman
45:07 Garland Wars
46:44 Champion
46:51 Pikeman
49:39 Crop Rotation
49:00 Gold Mining
49:01 Stone Mining
52:10 Blast Furnace
54:42 Gold Shaft Mining
54:42 Stone Shaft Mining
54:58 Town Patrol
logibll777
11:29 Feudal Age
15:34 Castle Age
13:25 Horse Collar
14:41 Double-Bit Axe
16:00 Fletching
18:05 Loom
21:55 Town Watch
23:14 Stone Mining
27:48 Wheelbarrow
27:29 Crossbowman
30:13 Hand Cart
31:30 Thumb Ring
31:23 Bodkin Arrow
36:48 Imperial Age
37:06 Ballistics
36:57 Squires
39:36 Imperial Age
36:35 Man-at-Arms
36:49 Pikeman
37:16 Arson
45:54 Gold Mining
47:13 Conscription
48:38 Bracer
51:41 Scale Mail Armor
51:51 Forging
51:56 Husbandry
54:25 Iron Casting
55:38 Chemistry
noumha
9:34 Feudal Age
15:42 Castle Age
14:47 Fletching
15:47 Loom
18:49 Bodkin Arrow
31:41 Imperial Age
33:45 Horse Collar
35:58 Chemistry
34:23 Crossbowman
35:09 Thumb Ring
34:56 Double-Bit Axe
37:43 Town Watch
37:23 Arbalester
38:46 Bracer
38:47 Padded Archer Armor
40:11 Conscription
40:34 Arquebus
40:47 Elite Skirmisher
41:47 Leather Archer Armor
45:59 Ring Archer Armor
46:00 Fortified Wall
52:04 Bow Saw
53:15 Masonry
53:48 Elite Organ Gun
Kebab do ruky
10:50 Feudal Age
16:57 Castle Age
16:34 Double-Bit Axe
21:29 Padded Archer Armor
22:17 Horse Collar
24:16 Heavy Plow
27:52 Crossbowman
28:31 Fletching
29:32 Wheelbarrow
29:40 Loom
30:29 Bodkin Arrow
30:54 Bow Saw
31:19 Leather Archer Armor
34:49 Imperial Age
33:02 Hand Cart
35:52 Ballistics
35:58 Conscription
35:00 Arbalester
37:30 Two-Man Saw
37:15 Bracer
38:00 Ring Archer Armor
38:19 Yeomen
38:27 Town Watch
39:35 Cavalier
40:47 Warwolf
42:01 Siege Engineers
42:57 Chemistry
45:32 Forging
46:09 Herbal Medicine
50:50 Iron Casting
54:26 Blast Furnace
54:07 Husbandry
54:16 Scale Barding Armor
Enver Pasha
10:27 Feudal Age
16:24 Castle Age
14:40 Horse Collar
15:49 Double-Bit Axe
17:34 Scale Barding Armor
25:10 Loom
26:12 Chain Barding Armor
26:14 Heavy Plow
30:57 Imperial Age
28:59 Fletching
29:09 Padded Archer Armor
29:32 Bow Saw
30:49 Ballistics
30:09 Elite Skirmisher
30:50 Bodkin Arrow
31:10 Leather Archer Armor
31:11 Thumb Ring
31:58 Leather Archer Armor
33:54 Bracer
35:03 Ring Archer Armor
35:31 Wheelbarrow
38:47 Chain Barding Armor
38:37 Forging
38:32 Husbandry
37:53 Cavalier
40:27 Plate Barding Armor
42:39 Chemistry
43:02 Gold Mining
44:26 Iron Casting
Connection lost

Rejoining the realm…

Still unreachable

The connection could not be restored.

Session expired

The server has moved on; the page needs a fresh start.